HSSL
MOUNTAIN POINTE HS @ OTSEGO HS BULLDOGS
04/20/2029
 
TOP OF THE 1ST
Mountain Pointe HS batting - Pitching for Otsego HS Bulldogs : RHP Dan Watkins
Pitching: RHP Dan Watkins
Batting: LHB Jesús Romero 0-0: Foul Ball, location: 2F
0-1: Foul Ball, location: 2F
0-2: Ball
1-2: Ground out 4-3 (Groundball, 4)
Batting: RHB Vince Scovell 0-0: Ball
1-0: Swinging Strike
1-1: SOLO HOME RUN (Line Drive, 7D), Distance : 405 ft
Batting: LHB Jeff Turner 0-0: Fly out, F7 (Flyball, 7LD)
Batting: LHB Benny Lawson 0-0: Called Strike
0-1: Fly out, F8 (Flyball, 8RD)
Top of the 1st over - 1 run, 1 hit, 0 errors, 0 left on base; Mountain Pointe HS 1 - Otsego HS 0
BOTTOM OF THE 1ST
Otsego HS Bulldogs batting - Pitching for Mountain Pointe HS : RHP David Guy
Pitching: RHP David Guy
Batting: RHB Robbie Barnes 0-0: Ball
1-0: Swinging Strike
1-1: Called Strike
1-2: SINGLE (Groundball, 56S) (infield hit)
Batting: RHB Jack Díaz 0-0: Ball
1-0: Ball
2-0: Called Strike
2-1: Ball
3-1: Base on Balls
Robbie Barnes to second
Batting: RHB Ray Martin 0-0: Called Strike
0-1: Ball
1-1: Foul Ball, location: 2F
1-2: Strikes out swinging
Batting: SHB Keith Novak 0-0: Ball
1-0: Ball
2-0: Ball
3-0: Called Strike
3-1: Grounds into double play, 4-6-3 (Groundball, 4)
Bottom of the 1st over - 0 runs, 1 hit, 0 errors, 1 left on base; Mountain Pointe HS 1 - Otsego HS 0
TOP OF THE 2ND
Mountain Pointe HS batting - Pitching for Otsego HS Bulldogs : RHP Dan Watkins
Batting: RHB Matt Lehman 0-0: Ball
1-0: Ball
2-0: Called Strike
2-1: DOUBLE (Line Drive, 7LM)
Batting: RHB Reggie Snyder 0-0: Called Strike
0-1: Fly out, F9 (Flyball, 9)
Batting: SHB Zach Weaver 0-0: Ball
1-0: Called Strike
1-1: Swinging Strike
1-2: Foul Ball, location: 2F
1-2: Ball
2-2: Foul Ball, location: 2F
2-2: Foul Ball, location: 2F
2-2: Foul Ball, location: 2F
2-2: Ball
3-2: Strikes out swinging, 2-3 out at first.
Batting: RHB Bill Wells 0-0: Swinging Strike
0-1: Fly out, F7 (Flyball, 78D)
Top of the 2nd over - 0 runs, 1 hit, 0 errors, 1 left on base; Mountain Pointe HS 1 - Otsego HS 0
BOTTOM OF THE 2ND
Otsego HS Bulldogs batting - Pitching for Mountain Pointe HS : RHP David Guy
Batting: RHB Jesse Wood 0-0: Ball
1-0: Ball
2-0: SINGLE (Line Drive, 9LS)
Batting: RHB Pedro Estrada 0-0: SINGLE (Groundball, 56D)
Jesse Wood to second
Batting: RHB Bruce Davis 0-0: Called Strike
0-1: Ball
1-1: Foul Ball, location: 2F
1-2: Fielders Choice at 2nd, 2-6 (Groundball, 2R)
Jesse Wood to third
Batting: RHB Dan Miller 0-0: SINGLE (Groundball, 5S) (infield hit)
Jesse Wood scores
Bruce Davis to second
Batting: RHB Curt Pierson 0-0: Foul Ball, location: 2F
0-1: Fielders Choice at 2nd, 6-4 (Groundball, 6)
Bruce Davis to third
Batting: RHB Robbie Barnes 0-0: Ball
1-0: Called Strike
1-1: Swinging Strike
1-2: Strikes out looking
Bottom of the 2nd over - 1 run, 3 hits, 0 errors, 2 left on base; Mountain Pointe HS 1 - Otsego HS 1
TOP OF THE 3RD
Mountain Pointe HS batting - Pitching for Otsego HS Bulldogs : RHP Dan Watkins
Batting: RHB Mike Ware 0-0: Ground out 5-3 (Groundball, 2L)
Batting: LHB Jesús Romero 0-0: Ball
1-0: Swinging Strike
1-1: Foul Ball, location: 2F
1-2: Strikes out swinging
Batting: RHB Vince Scovell 0-0: Ball
1-0: Hit by Pitch
Batting: LHB Jeff Turner 0-0: Ball
1-0: Foul Ball, location: 2F
1-1: Foul Ball, location: 2F
1-2: Ball
2-2: Foul Ball, location: 2F
2-2: Foul Ball, location: 2F
2-2: Strikes out swinging
Top of the 3rd over - 0 runs, 0 hits, 0 errors, 1 left on base; Mountain Pointe HS 1 - Otsego HS 1
BOTTOM OF THE 3RD
Otsego HS Bulldogs batting - Pitching for Mountain Pointe HS : RHP David Guy
Batting: RHB Jack Díaz 0-0: Called Strike
0-1: Ball
1-1: Ground out 5-3 (Groundball, 5)
Batting: RHB Ray Martin 0-0: Called Strike
0-1: Ball
1-1: Foul Ball, location: 2F
1-2: Ball
2-2: Foul Ball, location: 2F
2-2: Foul Ball, location: 2F
2-2: Ground out 4-3 (Groundball, 4M)
Batting: SHB Keith Novak 0-0: Ball
1-0: Ball
2-0: Foul Ball, location: 2F
2-1: Swinging Strike
2-2: Foul Ball, location: 2F
2-2: Foul Ball, location: 2F
2-2: Foul Ball, location: 2F
2-2: Ball
3-2: SINGLE (Line Drive, 6D)
Batting: RHB Jesse Wood 0-0: Ground out U3 (Groundball, 34S)
Bottom of the 3rd over - 0 runs, 1 hit, 0 errors, 1 left on base; Mountain Pointe HS 1 - Otsego HS 1
TOP OF THE 4TH
Mountain Pointe HS batting - Pitching for Otsego HS Bulldogs : RHP Dan Watkins
Batting: LHB Benny Lawson 0-0: Called Strike
0-1: Ball
1-1: Swinging Strike
1-2: Ball
2-2: Strikes out swinging
Batting: RHB Matt Lehman 0-0: Ball
1-0: Called Strike
1-1: Ball
2-1: SINGLE (Line Drive, 6MD)
Batting: RHB Reggie Snyder 0-0: Foul Ball, location: 2F
0-1: DOUBLE (Flyball, 8RXD)
Matt Lehman to third
Batting: SHB Zach Weaver 0-0: Ball
1-0: Called Strike
1-1: Swinging Strike
1-2: Ball
2-2: Ball
3-2: Foul Ball, location: 2F
3-2: Foul Ball, location: 2F
3-2: SINGLE (Groundball, 25) (infield hit)
Matt Lehman scores
Reggie Snyder to third
Batting: RHB Bill Wells 0-0: Swinging Strike
0-1: Fly out, F9 (Line Drive, 9)
Batting: RHB Mike Ware 0-0: Ball
1-0: Ball
2-0: Foul Ball, location: 2F
2-1: Foul Ball, location: 2F
2-2: Foul Ball, location: 2F
2-2: Ground out U3 (Groundball, 34)
Top of the 4th over - 1 run, 3 hits, 0 errors, 2 left on base; Mountain Pointe HS 2 - Otsego HS 1
BOTTOM OF THE 4TH
Otsego HS Bulldogs batting - Pitching for Mountain Pointe HS : RHP David Guy
Batting: RHB Pedro Estrada 0-0: Ball
1-0: Ball
2-0: Called Strike
2-1: Foul Ball, location: 2F
2-2: Strikes out swinging
Batting: RHB Bruce Davis 0-0: Ball
1-0: Called Strike
1-1: SINGLE (Groundball, 34D)
Batting: RHB Dan Miller 0-0: Ball
1-0: Ball
2-0: Ball
Wild Pitch!
Bruce Davis to second
3-0: Called Strike
3-1: Swinging Strike
3-2: Strikes out swinging
Batting: RHB Curt Pierson 0-0: Ball
1-0: Swinging Strike
1-1: Swinging Strike
1-2: Ball
2-2: Ground out 6-3 (Groundball, 6M)
Bottom of the 4th over - 0 runs, 1 hit, 0 errors, 1 left on base; Mountain Pointe HS 2 - Otsego HS 1
TOP OF THE 5TH
Mountain Pointe HS batting - Pitching for Otsego HS Bulldogs : RHP Dan Watkins
Batting: LHB Jesús Romero 0-0: Called Strike
0-1: Swinging Strike
0-2: Ground out U3 (Groundball, 34S)
Batting: RHB Vince Scovell 0-0: Called Strike
0-1: Foul Ball, location: 2F
0-2: Hit by Pitch
Batting: LHB Jeff Turner 0-0: Ball
1-0: Fly out, F8 (Flyball, 8LM)
Batting: LHB Benny Lawson 0-0: Called Strike
0-1: Ball
1-1: Ball
2-1: Foul Ball, location: 2F
2-2: Ball
3-2: Base on Balls
Vince Scovell to second
Pitching: RHP Gordon Long
Batting: RHB Matt Lehman 0-0: Ball
1-0: Called Strike
1-1: Foul Ball, location: 2F
1-2: Foul Ball, location: 2F
1-2: Ground out 4-3 (Groundball, 34)
Top of the 5th over - 0 runs, 0 hits, 0 errors, 2 left on base; Mountain Pointe HS 2 - Otsego HS 1
BOTTOM OF THE 5TH
Otsego HS Bulldogs batting - Pitching for Mountain Pointe HS : RHP David Guy
Batting: RHB Robbie Barnes 0-0: Ground out 5-3 (Groundball, 56)
Batting: RHB Jack Díaz 0-0: Called Strike
0-1: Called Strike
0-2: Ball
1-2: Strikes out swinging
Batting: RHB Ray Martin 0-0: Ball
1-0: Ball
2-0: Ball
3-0: Called Strike
3-1: SOLO HOME RUN (Line Drive, 7D), Distance : 394 ft
Batting: SHB Keith Novak 0-0: Foul Ball, location: 2F
0-1: Called Strike
0-2: Ball
1-2: Fly out, F8 (Flyball, 78D)
Bottom of the 5th over - 1 run, 1 hit, 0 errors, 0 left on base; Mountain Pointe HS 2 - Otsego HS 2
TOP OF THE 6TH
Mountain Pointe HS batting - Pitching for Otsego HS Bulldogs : RHP Gordon Long
Batting: RHB Reggie Snyder 0-0: Swinging Strike
0-1: Ground out U3 (Groundball, 3)
Batting: SHB Zach Weaver 0-0: Fly out, F9 (Flyball, 9LD)
Batting: RHB Bill Wells 0-0: Ball
1-0: SINGLE (Flyball, 8RM) - OUT at second base trying to stretch hit.
Top of the 6th over - 0 runs, 1 hit, 0 errors, 0 left on base; Mountain Pointe HS 2 - Otsego HS 2
BOTTOM OF THE 6TH
Otsego HS Bulldogs batting - Pitching for Mountain Pointe HS : RHP David Guy
Pitching: LHP Jeff Moore
Batting: RHB Jesse Wood 0-0: Called Strike
0-1: Ball
1-1: Ball
2-1: Swinging Strike
2-2: Ball
3-2: Base on Balls
Batting: RHB Pedro Estrada 0-0: Foul Ball, location: 2F
0-1: Called Strike
0-2: DOUBLE (Flyball, 8LD)
Jesse Wood to third
Batting: RHB Bruce Davis 0-0: Intentional Walk
Batting: RHB Dan Miller 0-0: Ball
1-0: Called Strike
1-1: Fly out, F8 (Flyball, 8RD)
Runner from 3rd tags up, SCORES, throw made
Batting: RHB Curt Pierson 0-0: Swinging Strike
0-1: Ball
1-1: Foul Ball, location: 2F
1-2: Strikes out swinging
Batting: RHB Robbie Barnes 0-0: Ball
1-0: Ball
2-0: Ball
3-0: Called Strike
3-1: SINGLE (Flyball, 9LS)
Pedro Estrada to third
Bruce Davis to second
Batting: RHB Jack Díaz 0-0: Ball
1-0: Ball
2-0: Ball
3-0: Called Strike
3-1: Base on Balls
Pedro Estrada scores
Bruce Davis to third
Robbie Barnes to second
Batting: RHB Ray Martin 0-0: Ball
1-0: Ball
2-0: Ball
3-0: Called Strike
3-1: Called Strike
3-2: Foul Ball, location: 2F
3-2: Base on Balls
Bruce Davis scores
Robbie Barnes to third
Jack Díaz to second
Batting: SHB Keith Novak 0-0: Ball
1-0: Ball
2-0: Ball
3-0: Base on Balls
Robbie Barnes scores
Jack Díaz to third
Ray Martin to second
Batting: RHB Jesse Wood 0-0: Foul Ball, location: 2F
0-1: Ball
1-1: Ball
2-1: Foul Ball, location: 2F
2-2: Fielders Choice at 2nd, 6-4 (Groundball, 6)
Bottom of the 6th over - 4 runs, 2 hits, 0 errors, 3 left on base; Mountain Pointe HS 2 - Otsego HS 6
TOP OF THE 7TH
Mountain Pointe HS batting - Pitching for Otsego HS Bulldogs : RHP Gordon Long
Batting: RHB Mike Ware 0-0: Ball
1-0: Ground out 5-3 (Groundball, 56S)
Batting: LHB Jesús Romero 0-0: Ball
1-0: Swinging Strike
1-1: Fly out, F4 (Popup, 4M)
Batting: RHB Vince Scovell 0-0: Ground out 6-3 (Groundball, 6)
Top of the 7th over - 0 runs, 0 hits, 0 errors, 0 left on base; Mountain Pointe HS 2 - Otsego HS 6
BOTTOM OF THE 7TH
Otsego HS Bulldogs batting - Pitching for Mountain Pointe HS : LHP Jeff Moore
Batting: RHB Pedro Estrada 0-0: Called Strike
0-1: Foul Ball, location: 2F
0-2: Ball
1-2: Fly out, F8 (Flyball, 8RM)
Batting: RHB Bruce Davis 0-0: Ball
1-0: Ball
2-0: Called Strike
2-1: Fly out, F8 (Line Drive, 8RM)
Batting: RHB Dan Miller 0-0: Called Strike
0-1: Swinging Strike
0-2: Strikes out swinging
Bottom of the 7th over - 0 runs, 0 hits, 0 errors, 0 left on base; Mountain Pointe HS 2 - Otsego HS 6
TOP OF THE 8TH
Mountain Pointe HS batting - Pitching for Otsego HS Bulldogs : RHP Gordon Long
Batting: LHB Jeff Turner 0-0: Called Strike
0-1: Ball
1-1: Ball
2-1: Ball
3-1: Foul Ball, location: 2F
3-2: Fly out, F7 (Flyball, 78D)
Batting: LHB Benny Lawson 0-0: Called Strike
0-1: Ball
1-1: Foul Ball, location: 2F
1-2: Ball
2-2: SINGLE (Line Drive, 78M)
Batting: RHB Matt Lehman 0-0: Ball
1-0: Fly out, F7 (Line Drive, 7S)
Batting: RHB Reggie Snyder 0-0: Ball
1-0: Swinging Strike
1-1: Fly out, F8 (Flyball, 8LD)
Top of the 8th over - 0 runs, 1 hit, 0 errors, 1 left on base; Mountain Pointe HS 2 - Otsego HS 6
BOTTOM OF THE 8TH
Otsego HS Bulldogs batting - Pitching for Mountain Pointe HS : LHP Jeff Moore
Batting: RHB Curt Pierson 0-0: Ball
1-0: Ball
2-0: SINGLE (Groundball, 25) (infield hit)
Batting: RHB Robbie Barnes 0-0: Ball
1-0: Sac Bunt - play at first, batter safe!
Curt Pierson to second
Batting: RHB Jack Díaz 0-0: Ball
1-0: Sac Bunt - play at first, batter OUT! 1-3
Curt Pierson to third
Robbie Barnes to second
Batting: RHB Ray Martin 0-0: Intentional Walk
Batting: SHB Keith Novak 0-0: Swinging Strike
0-1: Ball
1-1: Ball
2-1: Called Strike
2-2: Ball
3-2: Grounds into fielders choice 6-2 (Groundball, 6MS)
Robbie Barnes to third
Ray Martin to second
Batting: RHB Jesse Wood 0-0: Ball
1-0: Foul Ball, location: 2F
1-1: Foul Ball, location: 2F
1-2: Foul Ball, location: 2F
1-2: Foul Ball, location: 2F
1-2: SINGLE (Groundball, 34D)
Robbie Barnes scores
Ray Martin to third
Keith Novak to second
Runner from 3rd tries for Home, throw and OUT!
Bottom of the 8th over - 1 run, 3 hits, 0 errors, 2 left on base; Mountain Pointe HS 2 - Otsego HS 7
TOP OF THE 9TH
Mountain Pointe HS batting - Pitching for Otsego HS Bulldogs : RHP Gordon Long
Batting: SHB Zach Weaver 0-0: Called Strike
0-1: Swinging Strike
0-2: Ball
1-2: Strikes out swinging
Batting: RHB Bill Wells 0-0: Foul Ball, location: 2F
0-1: SINGLE (Groundball, 6) (infield hit)
Batting: RHB Mike Ware 0-0: Ball
Wild Pitch!
Bill Wells to second
1-0: Fly out, F9 (Line Drive, 89S)
Batting: LHB Jesús Romero 0-0: Called Strike
0-1: Ball
1-1: Swinging Strike
1-2: Ball
2-2: Ball
3-2: Base on Balls
Batting: RHB Vince Scovell 0-0: Ball
1-0: Fielders Choice at 2nd, U6 (Groundball, 6M)
Top of the 9th over - 0 runs, 1 hit, 0 errors, 2 left on base; Mountain Pointe HS 2 - Otsego HS 7
Saturday, December 16th, 2017 - OOTP Baseball 18.8 Build 76